 Dungeon Crawl Stone Soup version 0.31-a0-765-g67fe2935dc (webtiles) character file.

Game seed: 8514946752809064810

302 thriggle the Vexing (level 6, -1/46 HPs)
             Began as a Barachi Enchanter on Sept 15, 2023.
             Slain by an ogre
             ... wielding a +0 giant club
              (13 damage)
             ... on level 4 of the Dungeon.
             The game lasted 00:07:44 (2816 turns).

thriggle the Vexing (Barachi Enchanter)             Turns: 2816, Time: 00:07:45

Health: -1/46      AC:  5    Str:  9    XL:     6   Next: 37%
Magic:  1/10       EV: 13    Int: 23    God:
Gold:   128        SH:  0    Dex: 13    Spells: 6/11 levels left

rFire   . . .        h - +2 short sword (speed)
rCold   . . .        (no shield)
rNeg    + . .        w - +2 robe {rN+}
rPois   .            (no helmet)
rElec   .            (no cloak)
rCorr   .            r - +0 pair of gloves
SInv    .            (no boots)
Will    .....        l - amulet of the acrobat
Stlth   ++           k - +6 ring of intelligence
HPRegen 0.27/turn    (no ring)
MPRegen 0.12/turn

%: acrobat
@: slow
A: amphibious, slowness 1, strong legs 1, +LOS
a: Hop


You were on level 4 of the Dungeon.
You visited 1 branch of the dungeon, and saw 4 of its levels.

You collected 128 gold pieces.

Inventory:

Hand Weapons
 a - a +1 dagger
 h - a +2 short sword of speed (weapon)
 i - a +0 dagger of protection
Missiles
 p - 2 boomerangs
 q - 29 stones
 t - 2 poisoned darts
Armour
 b - a +0 robe
 r - a +0 pair of gloves (worn)
 w - a +2 robe of positive energy (worn)
Jewellery
 k - a +6 ring of intelligence (left hand)
 l - an amulet of the acrobat (around neck)
Scrolls
 n - 2 scrolls of enchant weapon
 s - a scroll of vulnerability {unknown}
 v - a scroll of identify
Potions
 c - 2 potions of invisibility
 d - a potion of brilliance {unknown}
 e - 2 potions of degeneration {unknown}
 f - a potion of resistance {unknown}
 g - a potion of berserk rage {unknown}
 j - 2 potions of lignification
 m - a potion of haste {unknown}
 o - a potion of magic {unknown}
 u - 2 potions of curing {unknown}
 x - a potion of attraction {unknown}


   Skills:
 + Level 2.6 Fighting
 + Level 2.7 Short Blades
 - Level 1.8 Armour
 + Level 3.3 Dodging
 + Level 3.4 Stealth
 + Level 3.0 Spellcasting
 + Level 4.1 Hexes
 + Level 1.6 Ice Magic


You had 6 spell levels left.
You knew the following spells:

 Your Spells              Type           Power      Damage    Failure   Level
a - Tukima's Dance        Hex            22%        N/A       6%          3
b - Ensorcelled Hibernat  Hex/Ice        32%        N/A       5%          2

Your spell library contained the following spells:

 Spells                   Type           Power      Damage    Failure   Level
 Confusing Touch          Hex            22%        N/A       6%          3
 Dazzling Flash           Conj/Hex       24%        N/A       16%         3


Dungeon Overview and Level Annotations

Branches:
Dungeon (4/15)
 Temple: D:4-7

Altars:
Ru

Shops:
D:1 (


Innate Abilities, Weirdness & Mutations

You are amphibious.
You cover ground slowly.
You can hop short distances.
You have an extended range of vision and can be seen from far away.


Message History

The scorpion is severely wounded.
You barely miss the scorpion.
The scorpion is severely wounded.
The scorpion barely misses you.
You closely miss the scorpion.
The scorpion is severely wounded.
The scorpion stings you.
You hit the scorpion.
The scorpion is severely wounded.
You hit the scorpion.
The scorpion is almost dead.
The scorpion misses you.
You hit the scorpion.
The scorpion is almost dead.
The scorpion stings you but does no damage.
You hit the scorpion.
You kill the scorpion!
Your Spellcasting skill increases to level 3!
You barely miss the ogre. You hit the ogre.
The ogre is lightly wounded.
The ogre barely misses you.
You hit the ogre.
The ogre is moderately wounded.
You barely miss the ogre.
The ogre is moderately wounded.
The ogre hits you with a +0 giant club!!
Ouch! That really hurt!
* * * LOW HITPOINT WARNING * * *
Casting: Ensorcelled Hibernation (safe; 5% risk of failure)
Confirm with . or Enter, or press ? or * to list all spells.
Aiming: Ensorcelled Hibernation (safe; 5% risk of failure)
Press: ? - help, Shift-Dir - straight line, f - ogre
Aim: an ogre, wielding a +0 giant club (moderately wounded, chance to affect: 50%)
The ogre looks drowsy...
The helpless ogre fails to defend itself.
You puncture the ogre!
The ogre is severely wounded.
The ogre hits you with a +0 giant club!
You die...

###.#...# #......#
.[..#...###### #.[....#
###.#........# ##.#####
....#.#......# #.#
#.###........# #.#######
!..S)##......## #.......###
##### #.K.....##
#.........#
#######SK#####.......#.####
##KO@...............#
########.......###.#
###..##.#.#.# #.......#..
#.#.####### #..<#......
###>#.##### #.#.# #.#.####


You could see an ogre, an adder and 2 kobolds.

Vanquished Creatures
  A scorpion (D:4)
  A hound (D:4)
  Natasha (thrice) (D:3)
  An iguana (D:4)
  2 adders
  A worm (D:3)
  4 dart slugs
  2 orcs
  5 bats
  4 endoplasms
  2 giant cockroaches (D:1)
  3 goblins
  8 hobgoblins
  13 jackals
  7 kobolds
  2 quokkas
  6 ball pythons
  6 frilled lizards
  10 rats
81 creatures vanquished.

Notes
Turn   | Place    | Note
-------+----------+-------------------------------------------
     0 | D:1      | thriggle the Barachi Enchanter began the quest for the Orb.
     0 | D:1      | Reached XP level 1. HP: 13/13 MP: 3/3
   165 | D:1      | Reached XP level 2. HP: 16/20 MP: 5/5
   184 | D:1      | Reached skill level 1 in Fighting
   374 | D:1      | Reached XP level 3. HP: 26/26 MP: 6/6
   450 | D:1      | Found Xaoseg's Weapon Shop.
   601 | D:1      | Learned a level 3 spell: Tukima's Dance
   756 | D:1      | Reached skill level 1 in Armour
  1243 | D:2      | Reached XP level 4. HP: 29/33 MP: 7/7
  1584 | D:3      | Found a sacrificial altar of Ru.
  1766 | D:3      | Learned a level 2 spell: Ensorcelled Hibernation
  1904 | D:3      | Noticed Natasha
  1920 | D:3      | Killed Natasha
  1943 | D:3      | Noticed Natasha
  1952 | D:3      | Reached XP level 5. HP: 28/38 MP: 4/8
  1956 | D:3      | Killed Natasha
  1957 | D:3      | Reached skill level 1 in Ice Magic
  2308 | D:3      | Noticed Natasha
  2312 | D:3      | Killed Natasha
  2769 | D:4      | Noticed an ogre
  2781 | D:4      | Reached skill level 4 in Hexes
  2781 | D:4      | Reached XP level 6. HP: 46/46 MP: 1/10
  2816 | D:4      | Slain by an ogre

Illustrated notes

Levels and vault maps discovered:
D:1:      minmay_arrival_glassed_features, layout_basic, serial_shops,
          nicolae_diamond_shop, minmay_ruptured
D:2:      layout_basic
D:3:      layout_loops_ring, nicolae_ru_sacrificial_ziggurat,
          nicolae_twisty_statue_hallways, uniq_natasha
D:4:      layout_basic, minmay_checkerbox

Skill      XL: |  1  2  3  4  5  6 |
---------------+-------------------+-----
Fighting       | 1 2 |  2.6
Armour         | 1 |  1.8
Stealth        | 3 |  3.4
Short Blades   | 2 |  2.7
Ice Magic      | 1 |  1.6
Dodging        | 3 |  3.3
Hexes          | 4 |  4.1
Spellcasting   | 3 |  3.0

Action                     |  1- 3 |  4- 6 || total
---------------------------+-------+-------++-------
  Melee: Dagger            |    29 |       ||    29
         Short sword       |   104 |   151 ||   255
         Punch             |       |     2 ||     2
   Cast: Ensorcelled Hiber |       |    15 ||    15
         Tukima's Dance    |       |     2 ||     2
    Use: Scroll            |     2 |       ||     2
   Stab: Sleeping          |     7 |    12 ||    19
 Armour: Robe              |    55 |    54 ||   109
  Dodge: Dodged            |    76 |    70 ||   146

Table legend: (Time is in decaauts)
 A = Elapsed time spent in this place.
 B = Non-inter-level travel time spent in this place.
 C = Inter-level travel time spent in this place.
 D = Time resting spent in this place.
 E = Time spent auto-exploring this place.
 F = Levels seen in this place.
 G = Mean time per level.
                   A        B        C        D        E       F      G
               +--------+--------+--------+--------+--------+-----+--------+
         Total |   3134 |   3052 |     82 |     81 |   2053 |   4 |  783.5 |
       Dungeon |   3134 |   3052 |     82 |     81 |   2053 |   4 |  783.5 |
               +--------+--------+--------+--------+--------+-----+--------+

Top non-repeatable levels by time:
     D:3: 1074 daAuts
     D:1: 910 daAuts
     D:2: 808 daAuts
     D:4: 340 daAuts
